 Dungeon Crawl Stone Soup version 0.28-a0-1152-g9c71ebef14 (webtiles) character file.

Game seed: 17411084598562762134

28 spaghetti the Skirmisher (level 2, -5/25 HPs)
             Began as a Mummy Delver on Dec 14, 2021.
             Slain by Menkaure (15 damage)
             ... on level 6 of the Dungeon.
             The game lasted 00:00:35 (266 turns).

spaghetti the Skirmisher (Mummy Delver)              Turns: 266, Time: 00:00:36

Health: -5/25      AC:  3    Str: 15    XL:     2   Next: 96%
Magic:  2/2        EV: 11    Int:  9    God:
Gold:   39         SH:  0    Dex: 13    Spells: 1/1 levels left

rFire   x . .      SeeInvis .   a - +0 falchion {long}
rCold   + . .      Faith    .   (no shield)
rNeg    + + +      Spirit   .   b - +0 leather armour
rPois   ∞          Reflect  .   (no helmet)
rElec   .          Harm     .   (no cloak)
rCorr   .          Rampage  .   (no gloves)
Will    .....                   (no boots)
Stlth   ++........              (no amulet)
HPRegen 0.08/turn               (no ring)
MPRegen 0.08/turn               (no ring)

@: no status effects
A: cold resistance 1, negative energy resistance 3, torment resistance 2, heat
vulnerability 1, no potions
a: no special abilities


You were on level 6 of the Dungeon.
You visited 1 branch of the dungeon, and saw 2 of its levels.

You collected 39 gold pieces.


Innate Abilities, Weirdness & Mutations

You are immune to poison.
Your flesh is cold resistant. (rC+)
You are immune to negative energy. (rN+++)
You are immune to unholy pain and torment.
You are vulnerable to heat. (rF-)
You do not drink.


   Skills:
 + Level 4.2 Fighting
 - Level 1.5 Long Blades
 - Level 1.5 Dodging
 - Level 4.1 Stealth


You had one spell level left.
You didn't know any spells.
Your spell library contained the following spells:

 Spells                   Type           Power      Damage    Failure   Level
 Frozen Ramparts          Ice            0%         1d2       83%         3
 Gell's Gravitas          Tloc           0%         N/A       83%         3
 Lesser Beckoning         Tloc           0%         N/A       83%         3
 Teleport Other           Tloc           0%         N/A       83%         3
 Summon Ice Beast         Ice/Summ       0%         N/A       99%         4
 Ice Form                 Ice/Tmut       Unusable   N/A       N/A         4

Inventory:

Hand Weapons
 a - a +0 falchion (weapon) {long}
Missiles
 g - 49 stones (quivered) {throwing}
Armour
 b - a +0 leather armour (worn)
Wands
 f - a wand of digging (3)
Scrolls
 c - a scroll of fog
 e - a scroll of fear

Dungeon Overview and Level Annotations

Branches:
Dungeon (6/15)
 Temple: D:4-7

Altars:

Annotations:
D:6 Menkaure

........'........#
#.#
........####...#.#
#.# .......##
##..#.###.#
#.....##
##.......# ##...##
###[##### ##+##
#.# *,* #.#
***,**** #.#
,,,,,,,* #@#
,*,,,*,* #M#
,,,,,,,* #.#
,*,,,,<* #.#
,,,,*,,********#.#
,****,,,,,,,,,,..#
,*****,********###
,,,,,,,* ********


You could see Menkaure.


Message History

🤖 Initializing magus.rc ...
Options error: Delay interrupt name "hungry" not recognised. (~/.crawlrc:4771) ✅ Successfully initialized magus.rc [v1.9.6] Welcome, spaghetti the Mummy Delver.
Will you be the one to retrieve the fabled Orb of Zot from the depths?
Press ? for a list of commands and other information.
Found a stone staircase leading down.
g - 26 stones {throwing} You open the door.
There is an open door here.
You now have 14 gold pieces.
An ogre comes into view. It is wielding a +0 giant spiked club.
The ogre shouts!
You open the door.
A water moccasin skeleton comes into view.
There is an open door here.
Okay, then.
There is an open door here.
The water moccasin skeleton bites you. 😕 HP[-1]
You take 1 damage, and now have 17/18 hp. 😎 HP[+1]
Your hp is fully restored (18).
There is a stone staircase leading down here.
You climb downwards.
There is a stone staircase leading up here.
Unknown command.
Unknown command.
You now have 25 gold pieces (gained 11).
You now have 39 gold pieces (gained 14).
Found a stone staircase leading down.
Really read
d - a scroll of magic mapping {!r}?
As you read the scroll of magic mapping {!r}, it crumbles to dust.
You feel aware of your surroundings.
Unknown command.
Unknown command.
Unknown command.
g - 49 stones {throwing} (gained 23)
You pick up a book of Displacement and begin reading...
You add the spells Lesser Beckoning, Gell's Gravitas and Teleport Other to your library.
Unknown command.
You open the door.
There is an open door here.
You open the door.
There is an open door here.
A jelly comes into view.
A jelly is nearby!
Found a stone staircase leading up.
The helpless jelly fails to defend itself.
You slash the jelly!
Your hands burn!
The jelly barely misses you. 😕 HP[-1]
You take 1 damage, and now have 17/18 hp.
You barely miss the jelly. The jelly hits you but does no damage.
You slash the jelly!
You kill the jelly!
Your Fighting skill increases to level 4!
You have reached level 2! 😕 HP[+7] MP[+1]
You now have 25 max hp (+7).
You regained 7 hp, and now have 24/25 hp.
Your mp is fully restored (2).
Unknown command.
Press: ? - help, . - travel, g - get item You can't see that place. [Stash: a book of Rime] [the floor.]
You pick up a book of Rime and begin reading...
You add the spells Frozen Ramparts and Summon Ice Beast to your library.
You open the door.
There is an open door here.
There is an open door here.
There is a stone staircase leading up here.
You see here a +0 leather armour.
Menkaure, Prince of Dust comes into view.
Menkaure shouts! 😎 HP[+1]
Your hp is fully restored (25).
You hit Menkaure. Menkaure hits you!
Ouch! That really hurt!
* * * LOW HITPOINT WARNING * * *
😨 HP[-15]
You take 15 damage, and now have 10/25 hp.
MASSIVE DAMAGE!! (PAUSE)
Okay, then.
You can't drink.
Okay, then.
You barely miss Menkaure. Menkaure hits you!
Ouch! That really hurt!
You die...

Skill      XL: |  1 |
---------------+----+-----
Fighting       | 4 |  4.2
Long Blades    | |  1.5
Dodging        | |  1.5
Stealth        | |  4.1

Action                   || total
-------------------------++-------
Melee: Falchion          ||     5
  Use: Scroll            ||     1
 Stab: Sleeping          ||     1
Armor: Leather armour    ||     1
Dodge: Dodged            ||     1

Levels and vault maps discovered:
D:5:      layout_loops_corners, minmay_temple_entry_large_hall
D:6:      minmay_diamond_boxcup, layout_loops_corners,
          chequers_serial_rivers_marsh, kennysheep_diamond, chequers_arboretum,
          chequers_serial_rivers_large_b, uniq_menkaure

Notes
Turn   | Place    | Note
-------+----------+-------------------------------------------
     0 | D:5      | spaghetti the Mummy Delver began the quest for the Orb.
     0 | D:5      | Reached XP level 1. HP: 18/18 MP: 1/1
     0 | D:5      | magus.rc [v1.9.6]
    42 | D:5      | Noticed an ogre
   153 | D:6      | You pick up a book of Displacement and begin reading...
   153 | D:6      | You add the spells Lesser Beckoning, Gell's Gravitas and
                  | Teleport Other to your library.
   182 | D:6      | Noticed a jelly
   191 | D:6      | Killed a jelly
   192 | D:6      | Reached skill level 4 in Fighting
   192 | D:6      | Reached XP level 2. HP: 24/25 MP: 2/2
   197 | D:6      | You pick up a book of Rime and begin reading...
   197 | D:6      | You add the spells Frozen Ramparts and Summon Ice Beast to
                  | your library.
   261 | D:6      | Noticed Menkaure
   266 | D:6      | Slain by Menkaure

Vanquished Creatures
  A jelly (D:6)
1 creature vanquished.

Table legend:
 A = Non-vault XP
 B = Vault XP
 C = Vault XP percentage of total XP
 D = Non-vault monster count
 E = Vault monster count
 F = Vault count percentage of total count
                 A         B        C        D         E       F
            +---------+---------+-------+---------+---------+-------
      Total |      40 |       0 |   0.0 |       1 |       0 |   0.0
            +---------+---------+-------+---------+---------+-------
        D:6 |      40 |       0 |   0.0 |       1 |       0 |   0.0
            +---------+---------+-------+---------+---------+-------

Illustrated notes

Table legend:
 A = Kills in this place as a percentage of kills in entire the game.
 B = Kills by you in this place as a percentage of kills by you in the entire game.
 C = Kills by friends in this place as a percentage of kills by friends in the entire game.
 D = Other kills in this place as a percentage of other kills in the entire game.
 E = Experience gained in this place as a percentage of experience gained in the entire game.
 F = Experience gained in this place divided by the number of levels of this place that you have seen.
                   A       B       C       D       E      F
               +-------+-------+-------+-------+-------+----------------------
         Total | 100.0 | 100.0 |   N/A |   N/A | 100.0 |  20.0
       Dungeon | 100.0 | 100.0 |   N/A |   N/A | 100.0 |  20.0
               +-------+-------+-------+-------+-------+----------------------

Table legend: (Time is in decaauts)
 A = Elapsed time spent in this place.
 B = Non-inter-level travel time spent in this place.
 C = Inter-level travel time spent in this place.
 D = Time resting spent in this place.
 E = Time spent auto-exploring this place.
 F = Levels seen in this place.
 G = Mean time per level.
                   A        B        C        D        E       F      G
               +--------+--------+--------+--------+--------+-----+--------+
         Total |    266 |    260 |      6 |      0 |    211 |   2 |  133.0 |
       Dungeon |    266 |    260 |      6 |      0 |    211 |   2 |  133.0 |
               +--------+--------+--------+--------+--------+-----+--------+

Top non-repeatable levels by time:
     D:6: 194 daAuts
     D:5: 72 daAuts
